 Dungeon Crawl Stone Soup version 0.25-a0-292-gaa31f046c4 (webtiles) character file.

Game seed: 2452602270666867977, levelgen mode: deterministic

44 floatRand the Insei (level 3, -1/29 HPs)
             Began as a Demonspawn Monk on Dec 15, 2019.
             Slain by a hobgoblin
             ... wielding a +0 club
              (4 damage)
             ... on level 2 of the Dungeon.
             The game lasted 00:01:09 (1370 turns).

floatRand the Insei (Demonspawn Monk)               Turns: 1370, Time: 00:01:11

Health: -1/29      AC:  5    Str: 17    XL:     3   Next: 41%
Magic:  3/3        EV: 13    Int: 11    God:
Gold:   47         SH:  0    Dex: 15    Spells: 2/2 levels left

rFire    . . .     SeeInvis .     - Unarmed
rCold    . . .     Gourm    .   (no shield)
rNeg     . . .     Faith    .   a - +0 robe
rPois    .         Spirit   .   n - +0 helmet
rElec    .         Reflect  .   (no cloak)
rCorr    .         Harm     .   (no gloves)
MR       .....                  (no boots)
Stlth    +++.......             (no amulet)
HPRegen  0.09/turn              l - ring of stealth
MPRegen  0.08/turn              (no ring)

@: mighty, flying (expiring)
A: icy blue scales 1
a: no special abilities


You were on level 2 of the Dungeon.
You were not hungry.

You visited 1 branch of the dungeon, and saw 2 of its levels.

You collected 47 gold pieces.

Inventory:

Missiles
 f - 12 poisoned darts (quivered)
Armour
 a - a +0 robe (worn)
 n - a +0 helmet (worn)
Jewellery
 l - a ring of stealth (left hand)
Scrolls
 c - a scroll of remove curse {unknown}
 d - 2 scrolls of identify {unknown}
 e - a scroll of fog {unknown}
 g - a scroll of enchant armour {unknown}
 i - a scroll of fear {unknown}
 k - a scroll of enchant weapon {unknown}
Comestibles
 b - 6 rations
 j - 4 chunks of flesh


   Skills:
 - Level 3.0 Fighting
 - Level 2.6 Dodging
 - Level 1.7 Stealth
 + Level 4.1 Unarmed Combat


You had 2 spell levels left.
You didn't know any spells.
Your spell library was empty.

Dungeon Overview and Level Annotations

Branches:
Dungeon (2/15)

Altars:
Makhleb


Innate Abilities, Weirdness & Mutations

You are partially covered in icy blue scales. (AC +2)


Message History

You kill the goblin!
You feel sick.
You see here an adder corpse.
You butcher the adder corpse.
The cacodemon shouts!
A hobgoblin comes into view. It is wielding a +0 club.
Things that are here:
2 chunks of flesh; an adder skeleton There isn't anything to butcher here.
j - 4 chunks of flesh (gained 2)
You feel sick.
The hobgoblin shouts!
Found 8 gold pieces.
You feel sick.
You feel sick.
You are starting to lose your buoyancy.
You feel sick.
You are no longer poisoned.
The hobgoblin hits you with a +0 club.
You die...

....# #.###.....................
......#.#........÷..............
......#.#....###†...####........
...................##...........
.......÷........................
......................#.........
######...g......................
##....####g....###.........
#...## #.@##### #####.....
#...#####.## ###### #...##....#
........#### ........# ........
.$..... ..... #...


You could see a hobgoblin.

Vanquished Creatures
  2 adders (D:2)
  A leopard gecko (D:1)
  A giant cockroach (D:2)
  4 goblins
  5 hobgoblins
  3 bats (D:2)
  2 frilled lizards (D:1)
  5 kobolds
  2 rats
25 creatures vanquished.

Notes
Turn   | Place    | Note
-------+----------+-------------------------------------------
     0 | D:1      | floatRand the Demonspawn Monk began the quest for the Orb.
     0 | D:1      | Reached XP level 1. HP: 18/18 MP: 1/1
   121 | D:1      | Reached skill level 3 in Unarmed Combat
   571 | D:1      | Gained mutation: You are partially covered in icy blue
                  | scales. (AC +2) [demonic ancestry]
   571 | D:1      | Reached XP level 2. HP: 24/24 MP: 2/2
  1326 | D:2      | Reached XP level 3. HP: 28/29 MP: 3/3
  1340 | D:2      | Found a burning altar of Makhleb.
  1351 | D:2      | Reached skill level 4 in Unarmed Combat
  1353 | D:2      | Noticed a cacodemon
  1370 | D:2      | Slain by a hobgoblin

Levels and vault maps discovered:
D:1:      roderic_crossed_star, layout_loops_ring, minmay_strange_pillars,
          minmay_hedge_maze, minmay_pentomino_t4
D:2:      layout_rooms, makhleb_altar_promises_db

Skill      XL: |  1  2  3 |
---------------+----------+-----
Unarmed Combat | 3 4 |  4.1
Fighting       | |  3.0
Dodging        | |  2.6
Stealth        | |  1.7

Action                   || total
-------------------------++-------
Melee: Unarmed           ||    92
  Use: Potion            ||     2
 Stab: Sleeping          ||     1
  Eat: Chunk             ||     1
Armor: Robe              ||    19
Dodge: Dodged            ||    67

Table legend:
 A = Non-vault XP
 B = Vault XP
 C = Vault XP percentage of total XP
 D = Non-vault monster count
 E = Vault monster count
 F = Vault count percentage of total count
                 A         B        C        D         E       F
            +---------+---------+-------+---------+---------+-------
      Total |      60 |       4 |   6.2 |      23 |       2 |   8.0
            +---------+---------+-------+---------+---------+-------
        D:1 |      14 |       4 |  22.2 |       9 |       2 |  18.2
        D:2 |      46 |       0 |   0.0 |      14 |       0 |   0.0
            +---------+---------+-------+---------+---------+-------
